 Dungeon Crawl Stone Soup version 0.22-a0-197-g4ac3794 (webtiles) character file.

4948 Amnesiac the Archer (level 10, -6/94 HPs)
             Began as a Centaur Hunter on Feb 18, 2018.
             Was a Priest of Okawaru.
             Mangled by a rust devil (7 damage)
             ... on level 1 of the Abyss.
             The game lasted 00:22:11 (13529 turns).

Amnesiac the Archer (Centaur Hunter)               Turns: 13529, Time: 00:22:11

Health: -6/94      AC:  7    Str: 19    XL:     10   Next: 28%
Magic:  0/10       EV:  9    Int: 10    God:    Okawaru [***...]
Gold:   727        SH:  0    Dex:  9    Spells: 3/9 levels left

rFire    + . .     SeeInvis .   b - +2 shortbow
rCold    . . .     Gourm    .   (shield currently unavailable)
rNeg     . . .     Faith    .   N - +3 robe of Okiegici {rF+}
rPois    +         Spirit   +   (no helmet)
rElec    .         Reflect  .   q - scarf {Spirit}
rCorr    .         Harm     .   (no gloves)
MR       +....                  (no barding)
Stlth    +.........             (no amulet)
HPRegen  0.00/turn              s - ring of protection from magic
MPRegen  0.12/turn              E - ring of poison resistance

@: non-regenerating, diseased, drained, very quick
A: large, hooves 3, deformed body, speed 2, tough skin 3
a: Heroism, Renounce Religion


You were on level 1 of the Abyss.
You worshipped Okawaru.
Okawaru was most pleased with you.
You were very hungry.

You visited 2 branches of the dungeon, and saw 10 of its levels.
You visited the Abyss 1 time.
You also visited: Ossuary.

You collected 727 gold pieces.

Inventory:

Hand Weapons
 a - a +4 hand axe of flaming
 b - a +2 shortbow (weapon)
 w - a +0 blowgun
Missiles
 e - 214 stones
 v - 21 poisoned needles
 F - 17 arrows (quivered)
Armour
 c - a +1 ring mail of magic resistance
 q - a scarf of spirit shield (worn)
 G - a +2 ring mail of cold resistance
 K - the +4 scale mail of the Stag {Str+4 Dex+2 Slay-5, unknown}
   (You found it on level 1 of the Abyss)

   It affects your strength (+4).
   It affects your dexterity (+2).
   It affects your accuracy and damage with ranged weapons and melee attacks
   (-5).
 N - the +3 robe of Okiegici (worn) {rF+}
   (You found it on level 8 of the Dungeon)

   It protects you from fire.
Jewellery
 s - a ring of protection from magic (left hand)
 u - an uncursed ring of fire
 y - an uncursed ring of stealth
 E - a ring of poison resistance (right hand)
Wands
 m - a wand of digging (2)
 r - a wand of enslavement (4)
Scrolls
 d - a scroll of random uselessness {!r, unknown}
 g - a scroll of fear {!r, unknown}
 h - 3 scrolls of magic mapping {!r}
 k - 2 scrolls of enchant weapon {!r}
 z - a scroll of enchant armour {!r, unknown}
 C - a scroll of immolation {!r, unknown}
 D - a scroll of teleportation {!r}
 J - a scroll of vulnerability {!r, unknown}
 M - a scroll of fog {!r}
Potions
 i - a potion of magic {!q, unknown}
 j - 2 potions of flight {!q}
 l - 3 potions of resistance {!q, unknown}
 n - a potion of berserk rage {!q}
 o - a potion of might {!q}
 p - a potion of cancellation {!q}
 t - 2 potions of curing {!q}
 A - 2 potions of heal wounds {!q}
 B - 2 potions of haste {!q}
 I - a potion of mutation {!q}
Books
 x - a book of Clouds

   Spells                             Type                      Level
   a - Poisonous Vapours              Poison/Air                   2
   b - Mephitic Cloud                 Conjuration/Poison/Air       3
   c - Conjure Flame                  Conjuration/Fire             3
   d - Freezing Cloud                 Conjuration/Ice/Air          6
   e - Ring of Flames                 Charms/Fire                  7
 H - a book of Misfortune

   Spells                             Type                      Level
   a - Confusing Touch                Hexes                        1
   b - Confuse                        Hexes                        3
   c - Gell's Gravitas                Translocation                3
   d - Petrify                        Transmutation/Earth          4
   e - Metabolic Englaciation         Hexes/Ice                    5
   f - Yara's Violent Unravelling     Hexes/Transmutation          5
Comestibles
 f - 18 rations


   Skills:
 + Level 10.9(9.8) Fighting
 - Level 14.2(13.0) Bows
 - Level 1.3(0.5) Dodging
 - Level 0.4(0.0) Stealth


You had 3 spell levels left.
You knew the following spells:

 Your Spells              Type           Power        Failure   Level  Hunger
a - Poisonous Vapours     Pois/Air       #.....       50%         2    ###....
e - Confuse               Hex            #.......     75%         3    ####...
z - Confusing Touch       Hex            #.....       36%         1    ##.....


Dungeon Overview and Level Annotations

Branches:
Dungeon (9/15)             Temple (1/1) D:5
   Lair: D:8-11         Orc: D:9-12

Altars:
Ashenzari
Cheibriados
Dithmenos
Elyvilon
Fedhas
Gozag
Hepliaklqana
Kikubaaqudgha
Makhleb
Nemelex Xobeh
Okawaru
Qazlal
Ru
Sif Muna
Trog
Uskayaw
Vehumet
Wu Jian
Xom
Yredelemnul
Zin
The Shining One
Jiyva

Annotations:
D:8 Erica


Innate Abilities, Weirdness & Mutations

You have hooves in place of feet.
Armour fits poorly on your strangely shaped body.
You cover ground very quickly.
You have extremely tough skin. (AC +3)


Message History

Killing monsters will force the Abyss to allow you passage.
This branch contains the abyssal rune of Zot.
You are suddenly pulled into a different region of the Abyss!
Found a gateway leading deeper into the Abyss.
You enter the shallow water.
Moving in this stuff is going to be slow.
K - an encrusted scale mail A rust devil comes into view.
The rust devil screeches!
A rust devil is nearby!
Found 17 gold pieces.
Found a ration.
You now have 727 gold pieces (gained 17).
There are no items here.
You feel yourself growing ill in the presence of the ancient zyme.
An ancient zyme comes into view.
You see here a ration.
f - 18 rations (gained 1)
You feel ill.
You feel ill.
A large abomination comes into view.
A starcursed mass comes into view.
A starcursed mass splits.
A small abomination comes into view.
The small abomination hits you!
* * * LOW HITPOINT WARNING * * *
You feel ill.
Really attack while wielding your +2 shortbow? [Y]es or [N]o only, please.
Really attack while wielding your +2 shortbow? [Y]es or [N]o only, please.
Really attack while wielding your +2 shortbow?
Okay, then.
Evoke which item? (* to show all) (? for menu, Esc to quit)
Aiming: Dig
Press: ? - help, Shift-Dir - straight line The rock shatters into small pieces.
The small abomination hits you.
* * * LOW HITPOINT WARNING * * *
Unknown command.
Found a chain mail.
A lich comes into view.
The lich shouts!
The lich casts a spell at you. The bolt of negative energy hits you!
You feel drained.
* * * LOW HITPOINT WARNING * * *
You open the huge gate.
There is a huge open gate here.
There is a huge open gate here.
Found a gateway leading deeper into the Abyss.
There is a huge open gate here.
There is a huge open gate here.
There is a gateway leading deeper into the Abyss here.
You open the door.
There is an open door here.
You open the door.
There is an open door here.
As you open the door, it creaks loudly!
You hear a screech!
Which direction?
You close the door.
You are feeling very hungry.
There is an open door here.
A rust devil comes into view.
The rust devil hits you!
You die...

. ##. .#. .
##.. .## ...#
#..# . #..##
#...
#...#...#
..##
#..4@##...#
#...##....#
#.. #'#.##
#.. #.'## #..
###+# #. ##
#.## # .
#..>..+ ..#
#.+#'' ..
+###'#.##....


You could see a rust devil.

Vanquished Creatures
  2 two-headed ogres
  A water moccasin (D:6)
  3 ice beasts
  An orc warrior (D:7)
  A sky beast (D:5)
  A phantom (D:9)
  7 ogres
  2 big kobolds (D:8)
  2 bullfrogs
  A water moccasin zombie (D:8)
  4 scorpions
  2 wights (D:9)
  A howler monkey (D:8)
  2 crimson imps
  A centaur skeleton (D:6)
  6 orc priests
  8 orc wizards
  3 jellies (D:8)
  2 bullfrog skeletons
  A gnoll shaman (D:9)
  2 hounds
  4 iguanas
  8 worker ants
  A hound zombie (D:8)
  8 mummies (Ossuary)
  5 gnolls (D:9)
  11 adders
  A shadow imp (D:6)
  8 oozes
  2 adder skeletons (D:4)
  4 worms
  A dart slug (D:2)
  6 leopard geckos
  20 orcs
  2 ball pythons
  5 bats
  11 giant cockroaches
  8 goblins
  5 hobgoblins
  4 jackals
  4 quokkas
  5 frilled lizards
  A giant cockroach zombie (D:6)
  2 gnoll zombies (Ossuary)
  A hobgoblin zombie (Ossuary)
  A jackal skeleton (D:5)
  A jackal zombie (D:6)
  19 kobolds
  3 kobold zombies (Ossuary)
  2 orc zombies (Ossuary)
  A quokka skeleton (D:4)
  A quokka zombie (D:7)
  5 rats
213 creatures vanquished.

Vanquished Creatures (collateral kills)
  A yak (D:9)
  2 killer bees (D:8)
  A wight (D:9)
4 creatures vanquished.

Vanquished Creatures (others)
  A yak (D:9)
1 creature vanquished.

Grand Total: 218 creatures vanquished

Notes
Turn   | Place    | Note
-------+----------+-------------------------------------------
     0 | D:1      | Amnesiac the Centaur Hunter began the quest for the Orb.
     0 | D:1      | Reached XP level 1. HP: 17/17 MP: 1/1
   190 | D:1      | Reached XP level 2. HP: 21/24 MP: 2/2
   287 | D:1      | Reached skill level 6 in Bows
   627 | D:1      | Found a viscous altar of Jiyva.
   691 | D:2      | Reached XP level 3. HP: 27/30 MP: 3/3
  1180 | D:2      | Reached XP level 4. HP: 20/37 MP: 4/4
  1708 | D:2      | Reached skill level 7 in Bows
  1793 | D:2      | Found an ancient bone altar of Kikubaaqudgha.
  3270 | D:4      | Reached XP level 5. HP: 16/45 MP: 2/5
  3274 | D:4      | Noticed an ogre
  3360 | D:4      | Killed an ogre
  3360 | D:4      | Reached skill level 8 in Bows
  3381 | D:4      | HP: 2/46 [hound (1)]
  3398 | D:4      | HP: 2/46 [hound (2)]
  3513 | D:4      | Found a sand-covered staircase.
  3723 | Ossuary  | Entered an ossuary
  3733 | Ossuary  | Reached XP level 6. HP: 52/52 MP: 6/6
  4024 | Ossuary  | Reached skill level 9 in Bows
  4543 | D:3      | Reached XP level 7. HP: 4/60 MP: 1/7
  4916 | D:3      | Reached skill level 10 in Bows
  5288 | D:3      | Reached skill level 5 in Fighting
  6470 | D:4      | Reached skill level 11 in Bows
  6576 | D:5      | Entered Level 5 of the Dungeon
  6601 | D:5      | Reached XP level 8. HP: 56/69 MP: 6/8
  6777 | D:5      | HP: 3/69 [something (4)]
  7138 | D:5      | Got an encrusted quarterstaff
  7140 | D:5      | Identified the cursed +1 quarterstaff of Oreogud {freeze, MR+ Int+3 Dex-4} (You found it on level 5 of the Dungeon)
  7232 | D:5      | Found a staircase to the Ecumenical Temple.
  7258 | Temple   | Entered the Ecumenical Temple
  7464 | Temple   | Became a worshipper of Warmaster Okawaru
  8034 | D:6      | Reached skill level 12 in Bows
  8410 | D:6      | Learned a level 1 spell: Confusing Touch
  8632 | D:6      | Learned a level 3 spell: Confuse
  9672 | D:7      | Reached * piety under Okawaru
  9719 | D:7      | Reached skill level 13 in Bows
  9736 | D:7      | Reached XP level 9. HP: 15/79 MP: 2/9
 10099 | D:7      | Learned a level 2 spell: Poisonous Vapours
 10509 | D:8      | Noticed Erica
 10567 | D:8      | Noticed a two-headed ogre
 10803 | D:7      | Killed a two-headed ogre
 10803 | D:7      | Reached ** piety under Okawaru
 10803 | D:7      | Reached skill level 14 in Bows
 11245 | D:8      | Got a twisted robe
 12529 | D:8      | Noticed a two-headed ogre
 12629 | D:8      | Killed a two-headed ogre
 12629 | D:8      | Reached *** piety under Okawaru
 12629 | D:8      | Reached skill level 10 in Fighting
 12629 | D:8      | Reached XP level 10. HP: 61/94 MP: 10/10
 12830 | D:9      | Identified the +3 robe of Okiegici {rF+} (You found it on level 8 of the Dungeon)
 13395 | D:9      | Received a gift from Okawaru
 13398 | D:9      | Cast into level 1 of the Abyss (orc)
 13411 | Abyss:1  | Got an encrusted scale mail
 13429 | Abyss:1  | Noticed a rust devil
 13465 | Abyss:1  | Noticed a starcursed mass
 13501 | Abyss:1  | Noticed a lich
 13501 | Abyss:1  | HP: 1/94 [lich/bolt of negative energy (38)]
 13529 | Abyss:1  | Noticed a rust devil
 13529 | Abyss:1  | Mangled by a rust devil

Vault maps used:
D:1:      erik_arrival_cave_to_civilisation
D:2:      lemuel_doored_altar, minmay_heptomino_w4
D:3:      hangedman_decor_growths
D:4:      enter_ossuary_5, minmay_close_crescents
D:5:      minmay_temple_entry_statues_fountains, first_ration,
          hangedman_abyss_or_decor_passed, serial_park_tiny_1,
          minmay_misc_feat_more_columns
D:7:      kennysheep_decorative_pillar
D:8:      hangedman_little_slice_of_home, uniq_erica
D:9:      basic_altar, abandoned_shop, glass_columns_a
Temple:   grunt_wide_crystal_templ
Ossuary:  ossuary_tomb_3

Skill      XL: |  1  2  3  4  5  6  7  8  9 |
---------------+----------------------------+-----
Bows           | 6 7 8 9 11 13 14 | 14.2
Fighting       | 3 4 5 7 10 | 10.9
Dodging        | |  1.3
Stealth        | |  0.4

Action                   |  1- 3 |  4- 6 |  7- 9 | 10-12 || total
-------------------------+-------+-------+-------+-------++-------
Melee: Short sword       |   116 |   179 |    49 |       ||   344
       Kick              |    18 |    32 |    71 |    12 ||   133
       Mace              |       |       |   229 |       ||   229
       Quarterstaff      |       |       |     7 |       ||     7
       Hand axe          |       |       |    42 |    53 ||    95
 Fire: Shortbow          |     9 |   140 |   100 |       ||   249
       Blowgun           |       |       |    74 |    34 ||   108
Throw: Stone             |       |     5 |    11 |     1 ||    17
 Cast: Poisonous Vapours |       |       |     2 |       ||     2
Evoke: Wand              |       |       |       |     9 ||     9
  Use: Scroll            |       |     8 |     4 |     6 ||    18
       Potion            |       |     5 |     4 |       ||     9
 Stab: Sleeping          |       |       |     1 |       ||     1
  Eat: Chunk             |       |     7 |    11 |     1 ||    19
       Ration            |       |     1 |     3 |       ||     4
Armor: Leather armour    |    53 |    84 |    40 |       ||   177
       Skin              |       |     2 |       |       ||     2
       Ring mail         |       |       |    93 |     4 ||    97
       Robe              |       |       |       |    13 ||    13
Dodge: Dodged            |    63 |   122 |   201 |    39 ||   425

Table legend:
 A = Spawn XP
 B = Non-spawn XP
 C = Spawn XP percentage of total XP
 D = Spawn monster count
 E = Non-spawn monster count
 F = Spawn count percentage of total count
 G = Total turns spent on level
                    A         B        C        D         E        F      G
               +---------+---------+-------+---------+---------+-------+---------
         Total |       0 |    7069 |   0.0 |       0 |     218 |   0.0 | 13529
               +---------+---------+-------+---------+---------+-------+---------
           D:1 |       0 |      37 |   0.0 |       0 |      23 |   0.0 |   681
           D:2 |       0 |      93 |   0.0 |       0 |      30 |   0.0 |  1598
           D:3 |       0 |     403 |   0.0 |       0 |      30 |   0.0 |  1859
           D:4 |       0 |     688 |   0.0 |       0 |      21 |   0.0 |  2198
           D:5 |       0 |     372 |   0.0 |       0 |       6 |   0.0 |   839
           D:6 |       0 |     667 |   0.0 |       0 |      21 |   0.0 |  1912
           D:7 |       0 |    1735 |   0.0 |       0 |      20 |   0.0 |  1434
           D:8 |       0 |    2118 |   0.0 |       0 |      38 |   0.0 |  1555
           D:9 |       0 |     800 |   0.0 |       0 |      13 |   0.0 |   606
       Ossuary |       0 |     156 |   0.0 |       0 |      16 |   0.0 |   498
               +---------+---------+-------+---------+---------+-------+---------
